 Dungeon Crawl Stone Soup version 0.31-a0-187-gba352fbbf7 (webtiles) character file.

Game seed: 15310498500222829307

364 qw the Skirmisher (level 6, 0/35 HPs)
             Began as a Deep Elf Hunter on June 22, 2023.
             Slain by a shadow (1 damage)
             ... on level 5 of the Dungeon.
             The game lasted 00:01:33 (2911 turns).

qw the Skirmisher (Deep Elf Hunter)                 Turns: 2911, Time: 00:01:33

Health: 0/35       AC: 11    Str: 10    XL:     6   Next: 39%
Magic:  8/8        EV: 12    Int: 16    God:
Gold:   5          SH:  0    Dex: 18    Spells: 5/5 levels left

rFire   . . .        Y - +1 shortbow
rCold   . . .        (shield currently unavailable)
rNeg    . . .        r - +5 leather armour of Sofyum {Int+2}
rPois   .            b - +0 helmet
rElec   .            g - +0 cloak
rCorr   .            d - +0 pair of gloves
SInv    .            (no boots)
Will    .....        i - amulet of the acrobat
Stlth   ++           (no ring)
HPRegen 0.25/turn    (no ring)
MPRegen 0.11/turn

%: acrobat
@: no status effects
A: MP-powered wands
a: no special abilities


You were on level 5 of the Dungeon.
You visited 1 branch of the dungeon, and saw 5 of its levels.

You collected 217 gold pieces.
You spent 212 gold pieces at shops.


Innate Abilities, Weirdness & Mutations

You expend magic power (3 MP) to strengthen your wands.


   Skills:
 - Level 2.1 Fighting
 + Level 9.7 Ranged Weapons
 - Level 3.0 Dodging
 - Level 1.2 Stealth


You had 5 spell levels left.
You didn't know any spells.
Your spell library was empty.

Inventory:

Hand Weapons
 Y - a +1 shortbow (weapon)
Armour
 b - a +0 helmet (worn)
 d - a +0 pair of gloves (worn)
 e - the +2 leather armour of Biewkon {Harm rF+ Will-}
   (You found it on level 2 of the Dungeon)

   rF:        It protects you from fire.
   Harm:      It increases damage dealt and taken.
   Will:      It decreases your willpower.
 g - a +0 cloak (worn)
 r - the +5 leather armour of Sofyum (worn) {Int+2}
   (You bought it in a shop on level 4 of the Dungeon)

   Int:       It affects your intelligence (+2).
Jewellery
 i - an amulet of the acrobat (around neck)
Potions
 a - a potion of lignification {unknown}
 f - 2 potions of mutation
 h - 4 potions of curing
 j - a potion of enlightenment {unknown}
 l - a potion of heal wounds {unknown}
 o - a potion of attraction {unknown}
 q - a potion of might {unknown}

Dungeon Overview and Level Annotations

Branches:
Dungeon (5/15)
 Temple: D:4-7

Altars:
Fedhas
Kikubaaqudgha
Nemelex Xobeh
Sif Muna
Yredelemnul

Shops:
D:1 *   D:4 [

Annotations:
D:3 2 transporters, Menkaure


Message History

You feel extremely strange.
You feel your magical essence link to the dungeon's wands.
Done exploring.
(D) Dungeon
Where to? (* - list waypoints, Enter - D:4, ? - help)
What level of the Dungeon? (default 1, ? - help)
Items here: )) [[.
There is a stone staircase leading down here.
You climb downwards.
There is a stone staircase leading up here.
Waypoint 4 assigned to D:5.
A shadow comes into view.
You shoot an arrow. The arrow hits the shadow.
The shadow is lightly damaged.
You shoot an arrow.
The arrow hits the shadow but does no damage.
The shadow is lightly damaged.
You shoot an arrow.
The arrow hits the shadow but does no damage.
The shadow is lightly damaged.
You shoot an arrow. The arrow hits the shadow.
The shadow is heavily damaged.
You shoot an arrow.
The arrow hits the shadow but does no damage.
The shadow is heavily damaged.
The shadow slips into darkness.
The shadow flickers and vanishes!
Deactivating autopickup; reactivate with Ctrl-A.
You shoot an arrow. You shoot an arrow.
The shadow strikes at you from the darkness!
Ouch! That really hurt!
Reactivating autopickup.
You shoot an arrow. The arrow hits the shadow.
The shadow is heavily damaged.
The shadow hits you.
You shoot an arrow. The arrow hits the shadow.
The shadow is heavily damaged.
The shadow hits you.
You die...

###############
...#######..............
......W@...#############
.....####### # ##. # # #
###### #..... #.#### #.#


You could see a shadow.

Vanquished Creatures
  An ogre (D:4)
  An orc priest (D:4)
  An orc wizard (D:4)
  Robin (D:2)
  5 adders
  3 river rats (D:4)
  2 worms (D:4)
  2 dart slugs
  15 orcs
  9 endoplasms
  2 giant cockroaches
  17 goblins
  9 hobgoblins
  2 jackals (D:4)
  5 quokkas
  7 ball pythons
  9 bats
  A frilled lizard (D:1)
  4 kobolds
  24 rats
120 creatures vanquished.

Notes
Turn   | Place    | Note
-------+----------+-------------------------------------------
     0 | D:1      | qw the Deep Elf Hunter began the quest for the Orb.
     0 | D:1      | Reached XP level 1. HP: 12/12 MP: 3/3
     0 | D:1      | 0 ||| qw: Version: 0.3-a-9-g12657ce
     0 | D:1      | 0 ||| qw: Game counter: 2457
     0 | D:1      | 0 ||| qw: Always use a shield: true
     0 | D:1      | 0 ||| qw: God list: Okawaru
     0 | D:1      | 0 ||| qw: Allow faded altars: false
     0 | D:1      | 0 ||| qw: Do Orc after D:15 true
     0 | D:1      | 0 ||| qw: Do second Lair branch before Depths: true
     0 | D:1      | 0 ||| qw: Lair rune preference: random
     0 | D:1      | 0 ||| qw: Plans: Normal
     0 | D:1      | 0 ||| PLANNING D:1-11
   125 | D:1      | Reached skill level 6 in Ranged Weapons
   125 | D:1      | Reached XP level 2. HP: 16/16 MP: 4/4
   163 | D:1      | Found Neuru's General Store.
   168 | D:1      | 168 ||| FLEEEEING.
   169 | D:1      | 169 ||| FLEEEEING.
   184 | D:1      | 184 ||| SHOPLISTING amulet of reflection (300 gold, have
                  | 54).
   184 | D:1      | 184 ||| BUYING potion of curing (30 gold).
   184 | D:1      | Bought a potion of curing for 30 gold pieces
   184 | D:1      | 184 ||| SHOPLISTING scroll of enchant armour (75 gold, have
                  | 24).
   386 | D:1      | Reached XP level 3. HP: 20/20 MP: 5/5
   588 | D:1      | 588 ||| UPGRADING to +0 pair of gloves.
   593 | D:1      | 593 ||| READING 2 scrolls labelled VOGOMMAO LESEE.
   594 | D:1      | 594 ||| READING 2 scrolls labelled HOEGEW JERO.
   595 | D:1      | 595 ||| READING scroll labelled POIRAO CAPIU.
   632 | D:1      | 632 ||| DROPPING scroll of immolation.
   633 | D:1      | 633 ||| DROPPING scroll of butterflies.
   634 | D:1      | 634 ||| DROPPING scroll of vulnerability.
   707 | D:2      | Reached skill level 7 in Ranged Weapons
   717 | D:2      | Noticed Robin
   723 | D:2      | Killed Robin
   728 | D:2      | Found a faded altar of an unknown god.
   822 | D:2      | Identified the +2 leather armour of Biewkon {Harm rF+
                  | Will-}
   836 | D:2      | Found a sparkling altar of Nemelex Xobeh.
   842 | D:2      | Reached XP level 4. HP: 25/25 MP: 6/6
  1115 | D:2      | 1115 ||| UPGRADING to +0 helmet.
  1120 | D:2      | 1120 ||| UPGRADING to amulet of the acrobat.
  1125 | D:2      | 1125 ||| DRINKING 2 fizzy green potions.
  1126 | D:2      | 1126 ||| DROPPING potion of invisibility.
  1228 | D:3      | Found a transporter.
  1232 | D:3      | Noticed a phantom
  1248 | D:3      | Found an ancient bone altar of Kikubaaqudgha.
  1252 | D:3      | Noticed Menkaure
  1258 | D:3      | Found a basalt altar of Yredelemnul.
  1261 | D:3      | Found a transporter.
  1307 | D:3      | Found a shimmering blue altar of Sif Muna.
  1391 | D:3      | Reached skill level 8 in Ranged Weapons
  1625 | D:3      | 1625 ||| UPGRADING to +0 cloak.
  1630 | D:3      | 1630 ||| UPGRADING to +1 robe of willpower.
  1640 | D:3      | 1640 ||| READING scroll labelled GAEMIASTRUR.
  1652 | D:4      | 1652 ||| PLANNING SEWER
  1747 | D:4      | Reached skill level 3 in Dodging
  1747 | D:4      | Reached XP level 5. HP: 29/29 MP: 7/7
  1802 | D:4      | 1802 ||| Stepping ~*~*~tactically~*~*~ (outnumbered).
  1804 | D:4      | 1804 ||| Stepping ~*~*~tactically~*~*~ (outnumbered).
  1812 | D:4      | 1812 ||| FLEEEEING.
  1814 | D:4      | 1814 ||| FLEEEEING.
  1815 | D:4      | 1815 ||| FLEEEEING.
  1816 | D:4      | 1816 ||| FLEEEEING.
  1818 | D:4      | 1818 ||| FLEEEEING.
  1819 | D:4      | 1819 ||| FLEEEEING.
  1820 | D:4      | 1820 ||| FLEEEEING.
  1821 | D:4      | 1821 ||| FLEEEEING.
  1822 | D:4      | 1822 ||| FLEEEEING.
  1823 | D:4      | 1823 ||| FLEEEEING.
  1833 | D:4      | 1833 ||| FLEEEEING.
  1834 | D:4      | 1834 ||| FLEEEEING.
  1835 | D:4      | 1835 ||| STAIRDANCE
  1868 | D:3      | 1868 ||| READING scroll labelled VYWUERGH UGUK.
  1872 | D:3      | 1872 ||| READING scroll labelled WEOCEO ETOD.
  2019 | D:4      | Noticed an ogre
  2028 | D:4      | Killed an ogre
  2029 | D:4      | Reached skill level 9 in Ranged Weapons
  2036 | D:4      | Reached XP level 6. HP: 19/35 MP: 8/8
  2134 | D:4      | Found Tuotzeut's Antique Armour Shop.
  2148 | D:4      | 2148 ||| BUYING faintly humming leather armour (182 gold).
  2148 | D:4      | Bought a faintly humming leather armour for 182 gold pieces
  2148 | D:4      | Identified the +5 leather armour of Sofyum {Int+2} (You
                  | bought it in a shop on level 4 of the Dungeon)
  2148 | D:4      | 2148 ||| SHOPLISTING heavy robe (148 gold, have 5).
  2148 | D:4      | 2148 ||| SHOPLISTING runed leather armour (130 gold, have
                  | 5).
  2193 | D:4      | Found a blossoming altar of Fedhas.
  2254 | D:4      | HP: 3/35 [orc/+0 falchion (6)]
  2259 | D:4      | HP: 3/35 [orc/+0 falchion (1)]
  2265 | D:4      | HP: 4/35 [orc/+0 falchion (1)]
  2273 | D:4      | 2273 ||| RIP SEWER
  2389 | D:4      | 2389 ||| PLANNING D:1-11
  2833 | D:4      | 2833 ||| DROPPING +0 leather armour.
  2834 | D:4      | 2834 ||| UPGRADING to +0 ring mail.
  2844 | D:4      | 2844 ||| DROPPING +1 robe of willpower.
  2845 | D:4      | 2845 ||| UPGRADING to +5 leather armour of Sofyum {Int+2}.
  2855 | D:4      | 2855 ||| DROPPING +0 ring mail.
  2856 | D:4      | 2856 ||| READING scroll labelled ORYEBL RASIC.
  2857 | D:4      | 2857 ||| READING scroll labelled QEASUTOJEO.
  2858 | D:4      | 2858 ||| READING scroll labelled YDUTOR SUPLEM.
  2859 | D:4      | 2859 ||| DRINKING 3 white potions.
  2859 | D:4      | Gained mutation: You expend magic power (3 MP) to
                  | strengthen your wands. [potion of mutation]
  2868 | D:5      | Entered Level 5 of the Dungeon
  2902 | D:5      | Noticed a shadow
  2909 | D:5      | HP: 5/35 [something (30)]
  2910 | D:5      | HP: 1/35 [shadow (4)]
  2911 | D:5      | Slain by a shadow

Levels and vault maps discovered:
D:1:      minmay_arrival_split_and_join, layout_rooms, serial_shops, shop
D:2:      layout_rooms, ebering_ecumenical_altar_sacrificial, basic_altar,
          uniq_robin
D:3:      layout_basic, gammafunk_temple_of_torment,
          mainiacjoe_overflow_cross_hatched
D:4:      layout_cave_pools, mainiacjoe_overflow_alcove_2,
          lightli_sewer_entry_pipes, serial_shops, nicolae_diamond_shop,
          minmay_rat_hole
D:5:      layout_loops_ring, lemuel_doored_altar, serial_shops,
          nicolae_shop_mannequins, serial_bayou_pond_c, uniq_duvessa,
          uniq_crazy_yiuf_cottage

Skill      XL: |  1  2  3  4  5  6 |
---------------+-------------------+-----
Ranged Weapons | 6 7 8 9 |  9.7
Dodging        | 3 |  3.0
Fighting       | 2 |  2.1
Stealth        | |  1.2

Action                     |  1- 3 |  4- 6 || total
---------------------------+-------+-------++-------
   Fire: Shortbow          |   110 |   248 ||   358
    Use: Scroll            |     3 |     6 ||     9
         Potion            |       |     2 ||     2
 Armour: Leather armour    |    10 |     9 ||    19
         Robe              |       |    17 ||    17
  Dodge: Dodged            |    21 |    71 ||    92

Table legend:
 A = Non-vault XP
 B = Vault XP
 C = Vault XP percentage of total XP
 D = Non-vault monster count
 E = Vault monster count
 F = Vault count percentage of total count
                 A         B        C        D         E       F
            +---------+---------+-------+---------+---------+-------
      Total |     374 |     146 |  28.1 |      78 |      42 |  35.0
            +---------+---------+-------+---------+---------+-------
        D:1 |      49 |       0 |   0.0 |      29 |       0 |   0.0
        D:2 |      21 |      39 |  65.0 |      12 |      13 |  52.0
        D:3 |      59 |       0 |   0.0 |      16 |       0 |   0.0
        D:4 |     245 |     107 |  30.4 |      21 |      29 |  58.0
            +---------+---------+-------+---------+---------+-------
